SR
CAPITAL HILL INTERNS @ UNION CITY HILLERS
09/06/2033
 
TOP OF THE 1ST
Capital Hill Interns batting - Pitching for Union City Hillers : RHP Eisse van Gils
Pitching: RHP Eisse van Gils
Batting: RHB Charles Atkinson 0-0: Ball
1-0: Swinging Strike
1-1: Ball
2-1: Foul Ball, location: 2F
2-2: Ground out 4-3 (Groundball, 4)
Batting: RHB António Salas 0-0: Ball
1-0: Called Strike
1-1: Ball
2-1: Swinging Strike
2-2: Foul Ball, location: 2F
2-2: Strikes out swinging
Batting: RHB Chip Mullaney 0-0: Ball
1-0: Foul Ball, location: 2F
1-1: Ball
2-1: Called Strike
2-2: Ball
3-2: Foul Ball, location: 2F
3-2: Base on Balls
Batting: LHB Tom Washington 0-0: Called Strike
0-1: Ball
1-1: Fly out, F2 (Popup, 15S)
Top of the 1st over - 0 runs, 0 hits, 0 errors, 1 left on base; Capital Hill 0 - Union City 0
BOTTOM OF THE 1ST
Union City Hillers batting - Pitching for Capital Hill Interns : LHP Paddy de Klerk
Pitching: LHP Paddy de Klerk
Batting: LHB Matsu Yoshida 0-0: Called Strike
0-1: Ball
1-1: Ball
2-1: Foul Ball, location: 2F
2-2: Ball
3-2: Fly out, F8 (Flyball, 8LD)
Batting: RHB Ken Barger 0-0: Foul Ball, location: 2F
0-1: Ball
1-1: Ball
2-1: Foul Ball, location: 2F
2-2: Fly out, F8 (Flyball, 8RM)
Batting: LHB Bob Sanders 0-0: Foul Ball, location: 2F
0-1: Foul Ball, location: 2F
0-2: Strikes out swinging
Bottom of the 1st over - 0 runs, 0 hits, 0 errors, 0 left on base; Capital Hill 0 - Union City 0
TOP OF THE 2ND
Capital Hill Interns batting - Pitching for Union City Hillers : RHP Eisse van Gils
Batting: RHB Ken Pittman 0-0: Ball
1-0: Ground out 6-3 (Groundball, 56)
Batting: RHB John Fitzgerald 0-0: Swinging Strike
0-1: Foul Ball, location: 2F
0-2: Strikes out swinging
Batting: RHB Ted Veals 0-0: Fly out, F8 (Flyball, 8LS)
Top of the 2nd over - 0 runs, 0 hits, 0 errors, 0 left on base; Capital Hill 0 - Union City 0
BOTTOM OF THE 2ND
Union City Hillers batting - Pitching for Capital Hill Interns : LHP Paddy de Klerk
Batting: RHB Neville van Mierlo 0-0: Fly out, F7 (Flyball, 7S)
Batting: SHB Alejandro Arizméndiz 0-0: Ball
1-0: Ball
2-0: Ball
3-0: Called Strike
3-1: Base on Balls
Batting: RHB Manuel Sy 0-0: Ball
1-0: Ball
2-0: Foul Ball, location: 2F
2-1: Called Strike
2-2: SINGLE (Line Drive, 4MD)
Alejandro Arizméndiz to second
Batting: SHB Ezequiel Oacia 0-0: Called Strike
0-1: Foul Ball, location: 2F
0-2: Foul Ball, location: 2F
0-2: Ball
1-2: Ball
2-2: Ball
3-2: Foul Ball, location: 2F
3-2: Foul Ball, location: 2F
3-2: Fly out, F5 (Popup, 5SF)
Batting: RHB Arthur Cook 0-0: Called Strike
0-1: Called Strike
0-2: Strikes out swinging
Bottom of the 2nd over - 0 runs, 1 hit, 0 errors, 2 left on base; Capital Hill 0 - Union City 0
TOP OF THE 3RD
Capital Hill Interns batting - Pitching for Union City Hillers : RHP Eisse van Gils
Batting: SHB Mark Boyle 0-0: Called Strike
0-1: Foul Ball, location: 2F
0-2: Ball
1-2: Foul Ball, location: 2F
1-2: Strikes out swinging, 2-3 out at first.
Batting: RHB Penekiko Nioka 0-0: Fly out, F7 (Line Drive, 7)
Batting: RHB Charles Atkinson 0-0: Ball
1-0: Foul Ball, location: 2F
1-1: Ball
2-1: Fly out, F8 (Flyball, 8RM)
Top of the 3rd over - 0 runs, 0 hits, 0 errors, 0 left on base; Capital Hill 0 - Union City 0
BOTTOM OF THE 3RD
Union City Hillers batting - Pitching for Capital Hill Interns : LHP Paddy de Klerk
Batting: RHB Ken Goderie 0-0: Foul Ball, location: 2F
0-1: Foul Ball, location: 2F
0-2: Strikes out looking
Batting: LHB Matsu Yoshida 0-0: Ball
1-0: Ball
2-0: Ball
3-0: Foul Ball, location: 2F
3-1: Base on Balls
Batting: RHB Ken Barger 0-0: Ball
Matsu Yoshida is caught stealing 2nd base
1-0: Ball
2-0: Called Strike
2-1: Ground out 5-3 (Groundball, 56)
Bottom of the 3rd over - 0 runs, 0 hits, 0 errors, 0 left on base; Capital Hill 0 - Union City 0
TOP OF THE 4TH
Capital Hill Interns batting - Pitching for Union City Hillers : RHP Eisse van Gils
Batting: RHB António Salas 0-0: Swinging Strike
0-1: DOUBLE (Line Drive, 7LM)
Batting: RHB Chip Mullaney 0-0: Ball
1-0: Ball
2-0: Ball
3-0: Base on Balls
Batting: LHB Tom Washington 0-0: Ball
1-0: Foul Ball, location: 2F
1-1: Called Strike
1-2: Ball
2-2: DOUBLE (Flyball, 8RD)
António Salas scores
Chip Mullaney to third
Runner from 3rd tries for Home, SAFE, no throw
Batting: RHB Ken Pittman 0-0: Ball
1-0: Swinging Strike
1-1: Fly out, F9 (Flyball, 9LSF)
Batting: RHB John Fitzgerald 0-0: Called Strike
0-1: Ground out 6-3 (Groundball, 6)
Batting: RHB Ted Veals 0-0: Ground out 5-3 (Groundball, 56S)
Top of the 4th over - 2 runs, 2 hits, 0 errors, 1 left on base; Capital Hill 2 - Union City 0
BOTTOM OF THE 4TH
Union City Hillers batting - Pitching for Capital Hill Interns : LHP Paddy de Klerk
Batting: LHB Bob Sanders 0-0: Ball
1-0: Ball
2-0: Foul Ball, location: 2F
2-1: Called Strike
2-2: Ball
3-2: Base on Balls
Batting: RHB Neville van Mierlo 0-0: Foul Ball, location: 2F
0-1: Foul Ball, location: 2F
0-2: Strikes out swinging
Batting: SHB Alejandro Arizméndiz 0-0: Called Strike
0-1: Fly out, F7 (Flyball, 7LD)
Batting: RHB Manuel Sy 0-0: Called Strike
0-1: Called Strike
0-2: Ball
1-2: Foul Ball, location: 2F
1-2: Foul Ball, location: 2F
1-2: Ball
2-2: Strikes out looking
Bottom of the 4th over - 0 runs, 0 hits, 0 errors, 1 left on base; Capital Hill 2 - Union City 0
TOP OF THE 5TH
Capital Hill Interns batting - Pitching for Union City Hillers : RHP Eisse van Gils
Batting: SHB Mark Boyle 0-0: Ball
1-0: Ball
2-0: Called Strike
2-1: Ball
3-1: Bunt for hit - play at first, batter OUT! 1-3
Batting: RHB Penekiko Nioka 0-0: Swinging Strike
0-1: Foul Ball, location: 2F
0-2: Ground out 4-3 (Groundball, 4)
Batting: RHB Charles Atkinson 0-0: Called Strike
0-1: Called Strike
0-2: Foul Ball, location: 2F
0-2: Ball
1-2: Strikes out swinging
Top of the 5th over - 0 runs, 0 hits, 0 errors, 0 left on base; Capital Hill 2 - Union City 0
BOTTOM OF THE 5TH
Union City Hillers batting - Pitching for Capital Hill Interns : LHP Paddy de Klerk
Batting: SHB Ezequiel Oacia 0-0: Called Strike
0-1: Ball
1-1: Foul Ball, location: 2F
1-2: Ball
2-2: Strikes out swinging
Batting: RHB Arthur Cook 0-0: Ball
1-0: Ball
2-0: SINGLE (Groundball, 34D)
Batting: RHB Ken Goderie 0-0: Ball
Throwing error on steal attempt, E2
Arthur Cook to third
1-0: Ball
2-0: Ball
Wild Pitch!
Arthur Cook scores
3-0: Called Strike
3-1: Ground out 6-3 (Groundball, 6)
Batting: LHB Matsu Yoshida 0-0: Foul Ball, location: 2F
0-1: Swinging Strike
0-2: Ball
1-2: Ball
2-2: Foul Ball, location: 2F
2-2: Fly out, F1 (Popup, 13)
Bottom of the 5th over - 1 run, 1 hit, 1 error, 0 left on base; Capital Hill 2 - Union City 1
TOP OF THE 6TH
Capital Hill Interns batting - Pitching for Union City Hillers : RHP Eisse van Gils
Batting: RHB António Salas 0-0: Ball
1-0: Swinging Strike
1-1: Foul Ball, location: 2F
1-2: Foul Ball, location: 2F
1-2: Strikes out looking
Batting: RHB Chip Mullaney 0-0: Called Strike
0-1: Foul Ball, location: 2F
0-2: Ground out U3 (Groundball, 3S)
Batting: LHB Tom Washington 0-0: Foul Ball, location: 2F
0-1: Ball
1-1: Ball
2-1: Foul Ball, location: 2F
2-2: Strikes out swinging
Top of the 6th over - 0 runs, 0 hits, 0 errors, 0 left on base; Capital Hill 2 - Union City 1
BOTTOM OF THE 6TH
Union City Hillers batting - Pitching for Capital Hill Interns : LHP Paddy de Klerk
Batting: RHB Ken Barger 0-0: Ball
1-0: SINGLE (Line Drive, 6M)
Pitching: RHP Emílio Pantoliano
Batting: LHB Bob Sanders 0-0: Called Strike
0-1: Called Strike
0-2: Ball
1-2: Ball
2-2: Foul Ball, location: 2F
2-2: Ground out U3 (Groundball, 3)
Ken Barger to second
Batting: RHB Neville van Mierlo 0-0: Ball
1-0: Ball
2-0: Swinging Strike
2-1: Ball
3-1: Foul Ball, location: 2F
3-2: Base on Balls
Batting: SHB Alejandro Arizméndiz 0-0: Ball
1-0: Ball
2-0: Called Strike
2-1: Foul Ball, location: 2F
2-2: Foul Ball, location: 2F
2-2: Ball
3-2: Fly out, F7 (Line Drive, 7S)
Batting: RHB Manuel Sy 0-0: Ball
1-0: Foul Ball, location: 2F
1-1: Foul Ball, location: 2F
1-2: DOUBLE (Line Drive, 89M)
Ken Barger scores
Neville van Mierlo to third
Runner from 3rd tries for Home, SAFE, no throw
Batting: SHB Ezequiel Oacia 0-0: Ball
1-0: Ball
2-0: Ball
3-0: Base on Balls
Batting: RHB Arthur Cook 0-0: Fly out, F8 (Flyball, 89D)
Bottom of the 6th over - 2 runs, 2 hits, 0 errors, 2 left on base; Capital Hill 2 - Union City 3
TOP OF THE 7TH
Capital Hill Interns batting - Pitching for Union City Hillers : RHP Eisse van Gils
Batting: RHB Ken Pittman 0-0: Ball
1-0: Foul Ball, location: 2F
1-1: Fly out, F7 (Flyball, 78M)
Batting: RHB John Fitzgerald 0-0: Called Strike
0-1: SINGLE (Line Drive, 6)
Batting: RHB Ted Veals 0-0: Ball
1-0: Ball
2-0: Called Strike
2-1: Called Strike
2-2: Ball
3-2: Ground out 4-3 (Groundball, 4S)
John Fitzgerald to second
Batting: SHB Mark Boyle 0-0: Ball
1-0: Called Strike
1-1: Called Strike
1-2: Ball
2-2: Ball
3-2: Base on Balls
Pitching: LHP Wally Blue
Batting: RHB Penekiko Nioka 0-0: Called Strike
0-1: Swinging Strike
0-2: Strikes out swinging, 2-3 out at first.
Top of the 7th over - 0 runs, 1 hit, 0 errors, 2 left on base; Capital Hill 2 - Union City 3
BOTTOM OF THE 7TH
Union City Hillers batting - Pitching for Capital Hill Interns : RHP Emílio Pantoliano
Batting: RHB Ken Goderie 0-0: Ball
1-0: Ball
2-0: Swinging Strike
2-1: Ball
3-1: Ground out 4-3 (Groundball, 4)
Batting: LHB Matsu Yoshida 0-0: Fly out, F8 (Flyball, 8RD)
Batting: RHB Ken Barger 0-0: Called Strike
0-1: Foul Ball, location: 2F
0-2: Ball
1-2: Ball
2-2: Ball
3-2: DOUBLE (Line Drive, 78D)
Batting: LHB Bob Sanders 0-0: Called Strike
0-1: Ball
1-1: Foul Ball, location: 2F
1-2: Single, Error in OF, E9, batter to second base
Ken Barger scores
Batting: RHB Neville van Mierlo 0-0: Ball
1-0: Called Strike
1-1: Ball
2-1: Swinging Strike
2-2: Fly out, F7 (Flyball, 7)
Bottom of the 7th over - 1 run, 2 hits, 1 error, 1 left on base; Capital Hill 2 - Union City 4
TOP OF THE 8TH
Capital Hill Interns batting - Pitching for Union City Hillers : LHP Wally Blue
Batting: RHB Charles Atkinson 0-0: Ball
1-0: Called Strike
1-1: Foul Ball, location: 2F
1-2: Ball
2-2: DOUBLE (Line Drive, 9LD)
Batting: RHB António Salas 0-0: Foul Ball, location: 2F
0-1: Ball
1-1: Hit by Pitch
Pitching: RHP Orlando Hernández
Batting: RHB Chip Mullaney 0-0: Ball
1-0: Ball
2-0: Foul Ball, location: 2F
2-1: Foul Ball, location: 2F
2-2: Fly out, F9 (Line Drive, 89D)
Runner from 2nd tags up, SAFE at 3rd, no throw
Batting: LHB Tom Washington 0-0: Ball
1-0: Swinging Strike
1-1: Called Strike
1-2: Ball
2-2: Strikes out swinging
Batting: RHB Ken Pittman 0-0: Called Strike
0-1: Called Strike
0-2: Ball
1-2: Foul Ball, location: 2F
1-2: Foul Ball, location: 2F
1-2: Strikes out swinging
Top of the 8th over - 0 runs, 1 hit, 0 errors, 2 left on base; Capital Hill 2 - Union City 4
BOTTOM OF THE 8TH
Union City Hillers batting - Pitching for Capital Hill Interns : RHP Emílio Pantoliano
Batting: SHB Alejandro Arizméndiz 0-0: Called Strike
0-1: Ball
1-1: DOUBLE (Line Drive, 9LM)
Batting: RHB Manuel Sy 0-0: Fly out, F8 (Flyball, 8RM)
Batting: SHB Ezequiel Oacia 0-0: Intentional Walk
Pinch Hitting: LHB Cesar Baardman 0-0: Ball
1-0: Fly out, F6 (Popup, 6S)
Pitching: RHP Mo-ruo Kum
Batting: RHB Ken Goderie 0-0: Ball
1-0: Foul Ball, location: 2F
1-1: Fly out, F7 (Flyball, 7LM)
Bottom of the 8th over - 0 runs, 1 hit, 0 errors, 2 left on base; Capital Hill 2 - Union City 4
TOP OF THE 9TH
Capital Hill Interns batting - Pitching for Union City Hillers : RHP Orlando Hernández
Pitching: RHP Dennis Wion
Now at 2B: Modesto Barreiro
Batting: RHB John Fitzgerald 0-0: Ball
1-0: Ball
2-0: Called Strike
2-1: Foul Ball, location: 2F
2-2: Strikes out looking
Batting: RHB Ted Veals 0-0: Ball
1-0: Ball
2-0: Ball
3-0: Base on Balls
Batting: SHB Mark Boyle 0-0: Ball
Wild Pitch!
Ted Veals to second
1-0: Foul Ball, location: 2F
1-1: Foul Ball, location: 2F
1-2: Ball
2-2: Foul Ball, location: 2F
2-2: Ground out 3-1 (Groundball, 34S)
Ted Veals to third
Pinch Hitting: LHB Sherman Hoffman 0-0: Swinging Strike
0-1: Called Strike
0-2: Ball
Wild Pitch!
Ted Veals scores
1-2: Ball
2-2: Strikes out swinging
Top of the 9th over - 1 run, 0 hits, 0 errors, 0 left on base; Capital Hill 3 - Union City 4
Saturday, December 22nd, 2018 - OOTP Baseball 18.8 Build 76